 Dungeon Crawl Stone Soup version 0.13-a0-2808-gda3a3b1 (webtiles) character file.

53 Malachi the Digger (level 3, -1/19 HPs)
             Began as a Gargoyle Earth Elementalist on Aug 25, 2013.
             Slain by a gnoll
             ... wielding a +1,+1 spear
              (5 damage)
             ... on Level 2 of the Dungeon.
             The game lasted 00:02:45 (1291 turns).

Malachi the Digger (Gargoyle Earth Elementalist)    Turns: 1291, Time: 00:02:45

HP  -1/19        AC  5     Str 11      XL: 3   Next: 29%
MP   0/6         EV 12     Int 16      God:
Gold 20          SH  0     Dex 10      Spells:  1 memorised,  4 levels left

Res.Fire  : . . .   See Invis. : .   (no weapon)
Res.Cold  : . . .   Warding    : .   c - +0 robe
Life Prot.: + . .   Conserve   : .   (no shield)
Res.Poison: +       Res.Corr.  : .   (no helmet)
Res.Elec. : +       Clarity    : .   (no cloak)
Sust.Abil.: . .     Spirit.Shd : .   (no gloves)
Res.Mut.  : .       Stasis     : .   (no boots)
Res.Rott. : +       Flight     : .   (no amulet)
Saprovore : . . .                    (no ring)
                                     (no ring)

@: very slightly contaminated, not resistant to hostile enchantments, fairly
stealthy
A: fangs 1, talons 2, life protection 1, electricity resistance, slow metabolism
1, unbreathing, petrification resistance, AC +3
a: no special abilities


You were on level 2 of the Dungeon.
You were not hungry.

You visited 1 branch of the dungeon, and saw 2 of its levels.

Inventory:

Missiles
 b - 20 stones (quivered)
Armour
 c - a +0 robe (worn)
Comestibles
 a - a bread ration
 f - a meat ration
Scrolls
 e - 2 scrolls of remove curse {unknown}
Potions
 g - a potion of paralysis {unknown}
 h - a potion of curing {unknown}
Books
 d - a book of Geomancy

   Spells                             Type                      Level
   *Sandblast                         Earth                        1
   Stoneskin                          Transmutation/Earth          2
   Passwall                           Transmutation/Earth          3
   Stone Arrow                        Conjuration/Earth            3
   Petrify                            Transmutation/Earth          4
   Lee's Rapid Deconstruction         Earth                        5


   Skills:
 + Level 1.8 Dodging
 + Level 2.1 Stealth
 * Level 1.7 Spellcasting
   Level 0.7 Transmutations
 * Level 4.4 Earth Magic


You had 4 spell levels left.
You knew the following spells:

 Your Spells              Type           Power        Failure   Level  Hunger
a - Sandblast             Erth           ###...       4%          1    ##.....


Dungeon Overview and Level Annotations

Branches:
Dungeon (2/27)

Altars:


Innate Abilities, Weirdness & Mutations

You are resistant to torment.
You are immune to poison.
Your stone body is very resilient (AC +3).
You have very sharp teeth.
You have razor-sharp toenails.
You resist negative energy.
You are resistant to electric shocks.
You have a slow metabolism.
You can survive without breathing.
You are immune to petrification.


Message History

Press: ? - help, Shift-Dir - straight line, f/p - gnoll
Aim: a gnoll, wielding a spear You miscast Sandblast.
You are very lightly contaminated with residual magic.
Nothing appears to happen.
The gnoll hits you from afar with a spear!
* * * LOW HITPOINT WARNING * * *
Found an escape hatch in the ceiling.
The gnoll misses you. The gnoll hits you but does no damage.
A hobgoblin comes into view. It is wielding a club.
Casting: Sandblast
Confirm with . or Enter, or press ? or * to list all spells.
Aiming: Sandblast
Press: ? - help, Shift-Dir - straight line, f/p - gnoll
Aim: a gnoll, wielding a spear The blast of sand hits the gnoll.
The gnoll is heavily wounded.
The gnoll hits you from afar with a spear.
You die...

##### #...#
##...# #....#
#...####
######......###
#.g.g.........#
#.####......#.#
#@# #...<###%#
#...#
##...#...####
#...#
#...#......#
#...#
#...#.(....#
#...#
#######....#
#...< #.####
#.... #.#
.....# #.# g.#
...


You could see a gnoll and a hobgoblin (sleeping).

Vanquished Creatures
  A gnoll (D:2)
  An ooze (D:1)
  8 bats
  A hobgoblin (D:2)
  3 giant geckos (D:1)
  6 goblins (D:1)
  4 rats (D:1)
24 creatures vanquished.

Notes
Turn   | Place    | Note
--------------------------------------------------------------
     0 | D:1      | Malachi, the Gargoyle Earth Elementalist, began the quest for the Orb.
     0 | D:1      | Reached XP level 1. HP: 10/10 MP: 3/3
   281 | D:1      | Reached skill level 4 in Earth Magic
   427 | D:1      | Reached XP level 2. HP: 12/15 MP: 4/4
  1261 | D:2      | Reached XP level 3. HP: 19/19 MP: 3/6
  1291 | D:2      | Slain by a gnoll

Action                   || total
-------------------------++-------
Melee: Unarmed           ||     9
 Cast: Sandblast         ||    45
